 Dungeon Crawl Stone Soup version 0.31-a0-202-g547052bce9 (webtiles) character file.

Game seed: 17201883694156957069

1280 qw the Skirmisher (level 8, -7/46 HPs)
             Began as a Deep Elf Hunter on June 26, 2023.
             Mangled by a gnoll sergeant
             ... wielding a +3 trident of venom
              (8 damage)
             ... on level 5 of the Dungeon.
             The game lasted 00:01:59 (4502 turns).

qw the Skirmisher (Deep Elf Hunter)                 Turns: 4502, Time: 00:02:00

Health: -7/46      AC:  8    Str: 10    XL:     8   Next: 29%
Magic:  10/10      EV: 17    Int: 15    God:
Gold:   73         SH:  0    Dex: 18    Spells: 7/7 levels left

rFire   . . .        Y - +2 shortbow (flame)
rCold   . . .        (shield currently unavailable)
rNeg    . . .        e - +0 ring mail
rPois   +            (no helmet)
rElec   .            (no cloak)
rCorr   .            i - +1 pair of gloves
SInv    .            o - +0 pair of boots
Will    .....        (no amulet)
Stlth   +            m - +5 ring of evasion
HPRegen 0.27/turn    l - ring of poison resistance
MPRegen 0.12/turn

%: no passive effects
@: lethally poisoned (-7 -> -11), about to teleport
A: no striking features
a: no special abilities


You were on level 5 of the Dungeon.
You visited 1 branch of the dungeon, and saw 5 of its levels.
You also visited: Sewer.

You collected 228 gold pieces.
You spent 155 gold pieces at shops.


   Skills:
 - Level 3.2 Fighting
 + Level 12.6 Ranged Weapons
 - Level 1.0 Armour
 - Level 4.0 Dodging
 - Level 1.2 Stealth


You had 7 spell levels left.
You didn't know any spells.
Your spell library was empty.

Inventory:

Hand Weapons
 Y - a +2 shortbow of flaming (weapon)
Armour
 a - a +1 pair of boots
 e - a +0 ring mail (worn)
 i - a +1 pair of gloves (worn)
 o - a +0 pair of boots (worn)
Jewellery
 b - a ring of fire
 l - a ring of poison resistance (right hand)
 m - a +5 ring of evasion (left hand)
 q - a ring of see invisible
Scrolls
 d - 4 scrolls of teleportation
 k - 3 scrolls of identify
Potions
 c - 4 potions of enlightenment
 f - a potion of mutation {unknown}
 g - a potion of cancellation {unknown}
 h - a potion of curing
 j - 3 potions of haste
 n - a potion of degeneration {unknown}
 p - a potion of ambrosia {unknown}

Dungeon Overview and Level Annotations

Branches:
Dungeon (5/15)              Sewer (visited)
 Temple: D:4-7

Altars:
Elyvilon
Ru

Shops:
D:5 ?


Message History

You hear a shout!
A jackal comes into view.
The gnoll bouda barks out a call to the hunt!
The gnoll picks up the pace!
You see here a jackal corpse.
4493 ||| Stepping ~*~*~tactically~*~*~ (outnumbered).
The jackal barks!
A gnoll comes into view.
You see here a jackal corpse.
4495 ||| Stepping ~*~*~tactically~*~*~ (outnumbered).
You shoot an arrow.
The arrow barely misses the gnoll sergeant.
The gnoll sergeant hits you from afar with a +3 trident of venom!
You are poisoned.
You shoot an arrow.
The arrow barely misses the gnoll sergeant.
You feel very sick.
The gnoll sergeant hits you from afar with a +3 trident of venom!
You shoot an arrow.
The arrow hits the gnoll sergeant but does no damage.
You feel very sick.
You hear a shout!
The gnoll sergeant hits you from afar with a +3 trident of venom!
4499 ||| READING 5 scrolls of teleportation.
As you read the scroll of teleportation, it crumbles to dust.
You feel strangely unstable.
You feel very sick. The jackal completely misses you.
The gnoll sergeant closely misses you. The jackal closely misses you.
You shoot an arrow. The arrow hits the jackal!
The arrow burns the jackal.
You kill the jackal!
You feel sick. The gnoll sergeant barely misses you.
A gnoll comes into view.
You shoot an arrow. The gnoll sergeant blocks the arrow.
You feel sick. The gnoll sergeant barely misses you.
You shoot an arrow. The arrow hits the gnoll!
The arrow burns the gnoll.
The gnoll is severely wounded.
You feel sick.
The gnoll sergeant hits you from afar with a +3 trident of venom!
You die...

........#
.##>......)..
...######
#.........)...
#...##
#..:...........
##...##
...##########..
......## ..# ##.
.......# ..# ##
.......# ##(.# #
.......## ##ggg# #
........##
#####@(#g..g.g #
.........###.....##
..... #
......#...##..####
.... #
......##..#...# ...
# .)...###......#
.. # ....^
##......... . #
....# #......### .
)... #.......#
.........#


You could see a gnoll sergeant (swift), a gnoll bouda and a gnoll (swift).

Vanquished Creatures
  Grum (D:5)
  2 phantoms
  A kobold brigand (Sewer)
  3 gnoll sergeants (D:5)
  A howler monkey (D:5)
  2 gnoll boudas (D:5)
  9 hounds (D:5)
  A jelly (D:5)
  17 gnolls (D:5)
  An adder (D:2)
  3 river rats (Sewer)
  2 shadow imps
  A white imp (D:5)
  An ufetubus (D:4)
  4 worms
  2 dart slugs (D:1)
  5 orcs
  9 bats
  7 endoplasms
  6 giant cockroaches
  7 goblins
  8 hobgoblins
  8 jackals
  7 quokkas
  10 ball pythons
  4 frilled lizards
  15 kobolds
  9 rats
146 creatures vanquished.

Notes
Turn   | Place    | Note
-------+----------+-------------------------------------------
     0 | D:1      | qw the Deep Elf Hunter began the quest for the Orb.
     0 | D:1      | Reached XP level 1. HP: 12/12 MP: 3/3
     0 | D:1      | 0 ||| qw: Version: 0.3-a-22-g0ed2b0b
     0 | D:1      | 0 ||| qw: Game counter: 5740
     0 | D:1      | 0 ||| qw: Melee chars always use a shield: true
     0 | D:1      | 0 ||| qw: God list: Okawaru
     0 | D:1      | 0 ||| qw: Allow faded altars: false
     0 | D:1      | 0 ||| qw: Do Orc after clearing Dungeon:15 true
     0 | D:1      | 0 ||| qw: Do second Lair branch before Depths: true
     0 | D:1      | 0 ||| qw: Lair rune preference: random
     0 | D:1      | 0 ||| qw: Goals: Normal
     0 | D:1      | 0 ||| PLANNING D:1-11
   267 | D:1      | Reached XP level 2. HP: 16/16 MP: 4/4
   278 | D:1      | Reached skill level 6 in Ranged Weapons
   771 | D:1      | Reached XP level 3. HP: 20/20 MP: 5/5
  1011 | D:1      | 1011 ||| UPGRADING to +0 pair of gloves.
  1016 | D:1      | 1016 ||| READING scroll labelled ILECOSMIXKI.
  1017 | D:1      | 1017 ||| DRINKING 2 cyan potions.
  1018 | D:1      | 1018 ||| DRINKING 2 fizzy white potions.
  1019 | D:1      | 1019 ||| DROPPING scroll of butterflies.
  1020 | D:1      | 1020 ||| DROPPING potion of brilliance.
  1021 | D:1      | 1021 ||| DROPPING potion of magic.
  1095 | D:2      | Reached skill level 7 in Ranged Weapons
  1095 | D:2      | 1095 ||| FLEEEEING.
  1096 | D:2      | 1096 ||| FLEEEEING.
  1097 | D:2      | 1097 ||| FLEEEEING.
  1098 | D:2      | 1098 ||| FLEEEEING.
  1099 | D:2      | 1099 ||| STAIRDANCE
  1166 | D:2      | 1166 ||| READING scroll of enchant weapon.
  1166 | D:2      | 1166 ||| ENCHANTING +1 shortbow.
  1370 | D:2      | Reached XP level 4. HP: 25/25 MP: 6/6
  1670 | D:2      | 1670 ||| UPGRADING to +0 ring mail.
  1680 | D:2      | 1680 ||| DROPPING +0 leather armour.
  1681 | D:2      | 1681 ||| READING scroll labelled KIULIEP LOTSIUTE.
  1685 | D:2      | 1685 ||| READING scroll labelled GAK MAAPTUNUIC.
  1686 | D:2      | 1686 ||| READING scroll labelled VUWELI UNURCH.
  1732 | D:2      | 1732 ||| READING 3 scrolls labelled GUOCKA MISOU.
  1733 | D:2      | 1733 ||| READING 2 scrolls of identify.
  1733 | D:2      | 1733 ||| IDENTIFYING ruby potion
  1734 | D:2      | 1734 ||| DROPPING potion of attraction.
  1742 | D:3      | 1742 ||| STAIRDANCE
  1760 | D:3      | 1760 ||| STAIRDANCE
  2094 | D:3      | Found a faded altar of an unknown god.
  2252 | D:3      | Found a sacrificial altar of Ru.
  2489 | D:3      | 2489 ||| UPGRADING to ring of poison resistance.
  2490 | D:3      | 2490 ||| READING scroll labelled ASAD YRCHEXKITI.
  2526 | D:4      | 2526 ||| PLANNING SEWER
  2547 | D:4      | Reached skill level 8 in Ranged Weapons
  2560 | D:4      | Identified the +3 battleaxe of Putrescence {antimagic,
                  | rPois rC+ Str-4}
  3003 | D:4      | Found a glowing drain.
  3004 | D:4      | 3004 ||| DROPPING ring of wizardry.
  3005 | D:4      | 3005 ||| DROPPING ring of magical power.
  3006 | D:4      | 3006 ||| UPGRADING to ring of see invisible.
  3007 | D:4      | 3007 ||| UPGRADING to +5 ring of evasion.
  3009 | D:4      | 3009 ||| UPGRADING to ring of poison resistance.
  3011 | D:4      | 3011 ||| DRINKING 2 viscous brown potions.
  3012 | D:4      | 3012 ||| DRINKING 4 fuming green potions.
  3017 | Sewer    | Entered a sewer
  3024 | Sewer    | Reached XP level 5. HP: 29/29 MP: 7/7
  3080 | Sewer    | 3080 ||| Stepping ~*~*~tactically~*~*~ (water).
  3084 | Sewer    | 3084 ||| Stepping ~*~*~tactically~*~*~ (water).
  3095 | Sewer    | Reached skill level 9 in Ranged Weapons
  3159 | Sewer    | Found a white marble altar of Elyvilon.
  3201 | D:4      | 3201 ||| PLANNING D:1-11
  3360 | D:4      | 3360 ||| UPGRADING to +0 pair of boots.
  3388 | D:5      | Entered Level 5 of the Dungeon
  3388 | D:5      | Noticed a phantom
  3392 | D:5      | 3392 ||| STAIRDANCE
  3401 | D:4      | Killed a phantom
  3402 | D:4      | Reached XP level 6. HP: 24/36 MP: 8/8
  3483 | D:5      | Reached skill level 1 in Armour
  3624 | D:5      | Reached skill level 10 in Ranged Weapons
  3694 | D:5      | Reached skill level 3 in Dodging
  3711 | D:5      | Reached XP level 7. HP: 40/40 MP: 9/9
  3727 | D:5      | Reached skill level 11 in Ranged Weapons
  3774 | D:5      | Found a white marble altar of Elyvilon.
  3845 | D:5      | Noticed Grum
  3853 | D:5      | 3853 ||| READING scroll labelled QEK FASMUJ SOT.
  3856 | D:5      | 3856 ||| FLEEEEING.
  3857 | D:5      | 3857 ||| FLEEEEING.
  3858 | D:5      | 3858 ||| FLEEEEING.
  3862 | D:5      | HP: 6/40 [Grum/+0 spear (13)]
  3863 | D:5      | 3863 ||| DRINKING 2 potions of heal wounds.
  3864 | D:5      | 3864 ||| DRINKING potion of heal wounds.
  3869 | D:5      | Killed Grum
  3991 | D:5      | Reached skill level 12 in Ranged Weapons
  4097 | D:5      | Reached XP level 8. HP: 43/45 MP: 10/10
  4114 | D:5      | Reached skill level 3 in Fighting
  4324 | D:5      | Found Ytwy's Magic Scroll Shoppe.
  4332 | D:5      | 4332 ||| BUYING scroll of enchant armour (75 gold).
  4332 | D:5      | Bought a scroll of enchant armour for 75 gold pieces
  4332 | D:5      | 4332 ||| BUYING scroll of identify (20 gold).
  4332 | D:5      | Bought a scroll of identify for 20 gold pieces
  4332 | D:5      | 4332 ||| BUYING scroll of teleportation (30 gold).
  4332 | D:5      | Bought a scroll of teleportation for 30 gold pieces
  4332 | D:5      | 4332 ||| BUYING scroll of teleportation (30 gold).
  4332 | D:5      | Bought a scroll of teleportation for 30 gold pieces
  4332 | D:5      | 4332 ||| READING scroll of enchant armour.
  4332 | D:5      | 4332 ||| ENCHANTING +0 pair of gloves.
  4457 | D:5      | 4457 ||| Stepping ~*~*~tactically~*~*~ (outnumbered).
  4459 | D:5      | 4459 ||| Stepping ~*~*~tactically~*~*~ (outnumbered).
  4491 | D:5      | 4491 ||| Stepping ~*~*~tactically~*~*~ (outnumbered).
  4493 | D:5      | 4493 ||| Stepping ~*~*~tactically~*~*~ (outnumbered).
  4495 | D:5      | 4495 ||| Stepping ~*~*~tactically~*~*~ (outnumbered).
  4498 | D:5      | HP: 7/46 [gnoll sergeant/+3 trident of venom (13)]
  4499 | D:5      | 4499 ||| READING 5 scrolls of teleportation.
  4500 | D:5      | HP: 3/46 [poisoned by a gnoll sergeant]
  4502 | D:5      | HP: 1/46 [poisoned by a gnoll sergeant]
  4502 | D:5      | Mangled by a gnoll sergeant

Levels and vault maps discovered:
D:1:      dpeg_cavernosity, layout_loops_ring
D:2:      minmay_recursive_quarters, layout_rooms, minmay_misc_feat_plants
D:3:      layout_loops_ring, mainiacjoe_overflow_cross_hatched,
          nicolae_ecumenical_pavilion, dreamdust_princess_corridor,
          hangedman_decor_points, grunt_ministairs_2, minmay_checkerbox
D:4:      layout_loops_cross, portal_sewer_entry_e
D:5:      layout_cave_pods, mainiacjoe_overflow_boulevard,
          jmf_multi_god_temple2, serial_shops, shop, serial_gnoll_camp,
          gnoll_camp_medium_02, grums_kennel, gnoll_camp_mini_shop,
          gnoll_camp_mini_sergeant, gnoll_camp_huts_basic, gnoll_camp_mini_hut

Skill      XL: |  1  2  3  4  5  6  7  8 |
---------------+-------------------------+-----
Ranged Weapons | 6 7 8 9 10 12 | 12.6
Fighting       | 2 3 |  3.2
Armour         | 1 |  1.0
Dodging        | 3 4 |  4.0
Stealth        | |  1.2

Action                     |  1- 3 |  4- 6 |  7- 9 || total
---------------------------+-------+-------+-------++-------
   Fire: Shortbow          |   111 |   189 |   136 ||   436
    Use: Scroll            |     2 |     6 |     3 ||    11
         Potion            |     2 |     2 |     2 ||     6
 Armour: Leather armour    |     9 |     1 |       ||    10
         Ring mail         |       |    13 |     7 ||    20
  Dodge: Dodged            |    28 |    43 |    48 ||   119

Table legend:
 A = Non-vault XP
 B = Vault XP
 C = Vault XP percentage of total XP
 D = Non-vault monster count
 E = Vault monster count
 F = Vault count percentage of total count
                 A         B        C        D         E       F
            +---------+---------+-------+---------+---------+-------
      Total |     574 |    1255 |  68.6 |      80 |      66 |  45.2
            +---------+---------+-------+---------+---------+-------
        D:1 |      37 |       7 |  15.9 |      18 |       4 |  18.2
        D:2 |      51 |      18 |  26.1 |      23 |      12 |  34.3
        D:3 |      30 |       6 |  16.7 |      14 |       4 |  22.2
        D:4 |     141 |       0 |   0.0 |      13 |       0 |   0.0
        D:5 |     315 |    1080 |  77.4 |      12 |      33 |  73.3
      Sewer |       0 |     144 | 100.0 |       0 |      13 | 100.0
            +---------+---------+-------+---------+---------+-------
